 Dungeon Crawl Stone Soup version 0.32-a0-17-gb74e046682 (webtiles) character file.

Game seed: 14669695651424277741

4512 AquilaWing the Summoner (level 10, -6/76 HPs)
             Began as a Felid Summoner on Jan 14, 2024.
             Was a Follower of Kikubaaqudgha.
             Mangled by a two-headed ogre
             ... wielding a +0 halberd
              (12 damage)
             ... in a bailey on Jan 15, 2024.
             The game lasted 00:41:23 (7385 turns).

AquilaWing the Summoner (Felid Summoner)            Turns: 7385, Time: 00:41:24

Health: -6/76      AC: 25    Str:  4    XL:     10   Next: 16%
Magic:  7/21       EV:  4    Int: 24    God:    Kikubaaqudgha [*.....]
Gold:   348        SH:  0    Dex: 16    Spells: 9/23 levels left
                                        Lives:  0   Deaths: 3

rFire   + . .        (weapon unavailable)
rCold   . . .        (shield unavailable)
rNeg    . . .        (body armour unavailable)
rPois   +            (helmet unavailable)
rElec   .            (cloak unavailable)
rCorr   .            (gloves unavailable)
SInv    +            (boots unavailable)
Will    +....        (no amulet)
Stlth   ++           j - ring of protection from fire
HPRegen 0.32/turn    (no ring)
MPRegen 0.17/turn

%: no passive effects
@: tree-form, unable to call your familiar
A: stationary, stasis, torment immunity, boosted hp, very small, (claws 1),
(fangs 3), see invisible, (shaggy fur 2), (stealthy paws), no weapons or thrown
items, no armour, multi-lived
a: Renounce Religion, Unearth Wretches


You were in a bailey.
You worshipped Kikubaaqudgha.
Kikubaaqudgha was aware of your devotion.
You were a tree.
You visited 2 branches of the dungeon, and saw 9 of its levels.
You also visited: Bailey.

You collected 348 gold pieces.

Inventory:

Jewellery
 j - a ring of protection from fire (left branch)
 s - an amulet of reflection
Talismans
 g - a granite talisman
 o - a storm talisman
Wands
 i - a wand of flame (16)
 n - a wand of digging (4)
Scrolls
 f - 3 scrolls of teleportation
 p - 7 scrolls of identify {unknown}
 q - 2 scrolls of vulnerability {unknown}
 r - a scroll of immolation
 t - a scroll of noise {unknown}
 u - a scroll of acquirement {unknown}
Potions
 a - a potion of magic
 b - a potion of heal wounds
 c - 2 potions of lignification
 d - 4 potions of enlightenment {unknown}
 e - 2 potions of berserk rage {unknown}
 h - 3 potions of curing {unknown}
 k - a potion of mutation {unknown}
 l - a potion of cancellation {unknown}
 m - 3 potions of invisibility {unknown}
 v - 2 potions of degeneration {unknown}
 w - a potion of ambrosia {unknown}


   Skills:
 + Level 4.6 Fighting
 + Level 7.0 Dodging
 - Level 2.6 Stealth
 + Level 7.0 Spellcasting
 + Level 8.3 Summonings
 - Level 5.0 Translocations
 - Level 5.0 Fire Magic
 + Level 4.1 Air Magic


You had 9 spell levels left.
You knew the following spells:

 Your Spells              Type           Power      Damage    Failure   Level
a - Summon Small Mammal   Summ           100%       N/A       1%          1
b - Call Canine Familiar  Summ           48%        N/A       1%          3
c - Blink                 Tloc           64%        N/A       1%          2
d - Summon Blazeheart Go  Fire/Summ      40%        N/A       4%          4
e - Summon Lightning Spi  Summ/Air       38%        N/A       5%          4

Your spell library contained the following spells:

 Spells                   Type           Power      Damage    Failure   Level
 Call Imp                 Summ           96%        N/A       1%          2
 Gell's Gravitas          Tloc           32%        N/A       2%          3
 Teleport Other           Tloc           32%        N/A       2%          3
 Volatile Blastmotes      Fire/Tloc      64%        2d15      2%          3
 Summon Ice Beast         Ice/Summ       28%        N/A       3%          3
 Kiss of Death            Conj/Necr      32%        2d7       7%          1
 Magic Dart               Conj           32%        1d4       7%          1
 Necrotise                Necr           32%        1d5       7%          1
 Passage of Golubria      Tloc           32%        N/A       9%          4
 Hailstorm                Conj/Ice       8%         3d5       22%         3
 Vampiric Draining        Necr           8%         2d6       22%         3
 Iskenderun's Mystic Bla  Conj/Tloc      20%        2d6       26%         4
 Animate Dead             Necr           8%         N/A       56%         4
 Fulminant Prism          Conj/Alch      4%         3d5       56%         4
 Silence                  Hex/Air        9%         N/A       65%         5
 Dispersal                Tloc           16%        N/A       80%         6
 Borgnjor's Vile Clutch   Necr/Erth      4%         N/A       89%         5
 Death Channel            Necr           4%         N/A       100%        6
 Sculpt Simulacrum        Ice/Alch       4%         N/A       100%        6
 Lehudib's Crystal Spear  Conj/Erth      4%         10d3      100%        8


Dungeon Overview and Level Annotations

Branches:
Dungeon (8/15)             Temple (1/1) D:7          Bailey (1/1)
   Lair: D:8-11

Altars:
Ashenzari
Cheibriados
Dithmenos
Fedhas
Gozag
Hepliaklqana
Kikubaaqudgha
Nemelex Xobeh
Okawaru
Qazlal
Sif Muna
Trog
Uskayaw
Vehumet
Wu Jian
Xom
Yredelemnul
Zin
The Shining One


Innate Abilities, Weirdness & Mutations

You are a tree.
Your roots penetrate the ground, keeping you stationary.
You cannot be teleported.
You are immune to unholy pain and torment.
Your maximum health is greatly increased.
((You have sharp claws.))
((You have razor-sharp teeth.))
You have supernaturally acute eyesight. (SInv)
((You are covered in thick fur. (AC +2)))
((Your paws help you pounce on unaware monsters.))
You are incapable of wielding weapons or throwing items.
You cannot wear armour.
You gain extra lives every three experience levels.


Message History

The two-headed ogre hits you but does no damage.
The spriggan hits you but does no damage.
You feel much better.
The ogre hits you from afar with a +0 halberd!
The spriggan hits you but does no damage.
The two-headed ogre hits you from afar with a +0 halberd.
* * * LOW HITPOINT WARNING * * *
The two-headed ogre hits you from afar with a +0 halberd.
* * * LOW HITPOINT WARNING * * *
The ogre hits you but does no damage.
Casting: Blink (safe; 1% risk of failure)
Confirm with . or Enter, or press ? or * to list all spells.
An electric hum fills the air.
The spriggan hits you from afar with a +0 trident.
* * * LOW HITPOINT WARNING * * *
The ogre hits you from afar with a +0 halberd.
* * * LOW HITPOINT WARNING * * *
Casting: Summon Lightning Spire (dangerous; 5% risk of failure)
Confirm with . or Enter, or press ? or * to list all spells.
Your canine familiar is too injured to answer your call.
Casting: Call Canine Familiar (safe; 1% risk of failure)
Confirm with . or Enter, or press ? or * to list all spells.
A fiery spirit appears, bound in slag iron.
The two-headed ogre hits you but does no damage. x2
The ogre hits you but does no damage. The spriggan barely misses you.
What are your orders? t - Creak!
Orders for allies: a - Attack new target. r - Retreat! s - Stop attacking. g - Guard the area. f - Follow me.
Anything else - Cancel.
Gang up on whom?
Press: ? - help, Dir - move target, f - spriggan
Aim: a spriggan, wielding a +0 trident (ally target) Attack!
The ogre barely misses you. The spriggan completely misses you.
The two-headed ogre hits you from afar with a +0 halberd.
* * * LOW HITPOINT WARNING * * *
The two-headed ogre hits you from afar with a +0 halberd!
You die...
Kikubaaqudgha rasps: "You have failed me!
Welcome... death!"

#..~~
#..~~~....†8#
#..~♣
♣..~~~).....#
#...#
♣..~~~O.∩...#
#...#
♣..###.....##
#..# ##..#
#.....# #..##
#♣..# ##...##
#..####♣##OO##
##.##
#.....i.9.##
###
##....O8♣##
#########


You could see a two-headed ogre, 2 ogres, a spriggan (ally target), a friendly
lightning spire (summoned) and a friendly blazeheart golem (summoned).

Vanquished Creatures
  A spriggan (Bailey)
  A hog (D:7)
  An ogre (Bailey)
  A phantom (D:5)
  A kobold brigand (D:6)
  Crazy Yiuf (D:6)
  A gnoll bouda (D:6)
  A sleepcap (D:5)
  A gnoll (D:3)
  2 orcs
  3 goblins
  2 hobgoblins (D:1)
  A rat (D:1)
17 creatures vanquished.

Vanquished Creatures (collateral kills)
  Jeremiah (D:7)
  Prince Ribbit (D:6)
  2 spriggans (Bailey)
  A human (D:7)
  A yak (D:7)
  2 hogs (D:7)
  2 water moccasins (D:7)
  A sky beast (D:7)
  An orc warrior (D:7)
  An ice beast (D:6)
  3 ogres
  A phantom (D:6)
  3 bullfrogs
  6 scorpions
  A howler monkey (D:6)
  2 bombardier beetles
  A jelly (D:5)
  A centaur zombie (D:7)
  7 hounds
  4 orc priests
  4 iguanas
  2 gnoll boudas
  2 sleepcaps
  4 orc wizards
  A howler monkey zombie (D:7)
  15 gnolls
  10 adders
  4 white imps
  A nameless horror (D:6)
  A ribbon worm (D:3)
  19 orcs
  2 ball pythons (D:2)
  5 endoplasms
  4 giant cockroaches
  12 goblins
  3 hobgoblins
  5 jackals (D:2)
  3 quokkas
  2 bats
  2 frilled lizards
  13 kobolds
  5 rats
161 creatures vanquished.

Vanquished Creatures (others)
  A bullfrog (D:6)
  A hound (D:6)
  A gnoll bouda (D:6)
  An iguana (D:6)
  An adder (D:6)
  An orc (D:6)
  7 blazeheart cores
13 creatures vanquished.

Grand Total: 191 creatures vanquished

Notes
Turn   | Place    | Note
-------+----------+-------------------------------------------
     0 | D:1      | AquilaWing the Felid Summoner began the quest for the Orb.
     0 | D:1      | Reached XP level 1. HP: 9/9 MP: 4/4
   211 | D:1      | Reached XP level 2. HP: 13/13 MP: 3/6
   591 | D:2      | Reached XP level 3. HP: 16/16 MP: 5/8
   598 | D:2      | Learned a level 3 spell: Call Canine Familiar
   699 | D:2      | Learned a level 2 spell: Blink
   882 | D:2      | Reached skill level 1 in Translocations
  1061 | D:2      | Reached XP level 4. HP: 21/21 MP: 7/9
  1061 | D:2      | Gained a life (2 lives remaining)
  1536 | D:3      | Reached skill level 5 in Summonings
  1571 | D:3      | Reached XP level 5. HP: 11/24 MP: 5/11
  2291 | D:4      | Learned a level 4 spell: Summon Blazeheart Golem
  2330 | D:4      | Gained mutation: You are covered in thick fur. (AC +2)
                  | [Felid growth]
  2330 | D:4      | Reached XP level 6. HP: 28/28 MP: 9/12
  2345 | D:4      | Reached skill level 1 in Fire Magic
  3148 | D:4      | Upgraded the game from 0.32-a0-12-g7fc57aa741 to
                  | 0.32-a0-17-gb74e046682
  3170 | D:4      | Reached XP level 7. HP: 13/32 MP: 9/14
  3600 | D:5      | Entered Level 5 of the Dungeon
  3633 | D:5      | Reached skill level 6 in Summonings
  3633 | D:5      | Reached skill level 5 in Translocations
  3961 | D:5      | Reached skill level 5 in Spellcasting
  4079 | D:5      | Reached XP level 8. HP: 36/36 MP: 9/16
  4112 | D:5      | Learned a level 4 spell: Summon Lightning Spire
  4677 | D:5      | Found an ornate altar of the Wu Jian Council.
  4915 | D:6      | Reached skill level 1 in Fighting
  5081 | D:6      | Reached skill level 1 in Air Magic
  5184 | D:6      | Found a shimmering altar of Xom.
  5192 | D:6      | Reached skill level 7 in Summonings
  5208 | D:6      | Noticed Prince Ribbit
  5266 | D:6      | Killed Prince Ribbit
  5368 | D:6      | Found a runed translucent door.
  5369 | D:6      | Noticed Crazy Yiuf
  5509 | D:6      | Found a broken altar of Ashenzari.
  5532 | D:6      | Reached XP level 9. HP: 43/43 MP: 13/18
  5833 | D:6      | Killed Crazy Yiuf
  6067 | D:7      | Reached skill level 5 in Dodging
  6197 | D:7      | Found a staircase to the Ecumenical Temple.
  6228 | Temple   | Entered the Ecumenical Temple
  6237 | Temple   | Became a worshipper of Kikubaaqudgha
  6346 | D:7      | Slain by a sky beast
  6346 | D:7      | Lost a life (1 life remaining)
  6515 | D:7      | Noticed Jeremiah
  6744 | D:7      | Found a basalt altar of Yredelemnul.
  6816 | D:7      | Killed Jeremiah
  6928 | D:7      | Reached skill level 5 in Fire Magic
  6997 | D:7      | Reached skill level 8 in Summonings
  7102 | D:7      | Found a glowing golden altar of the Shining One.
  7176 | D:8      | Reached XP level 10. HP: 50/50 MP: 16/21
  7176 | D:8      | Gained a life (2 lives remaining)
  7285 | D:8      | Found a flagged portal.
  7303 | Bailey   | Entered a bailey
  7321 | Bailey   | Mangled by an ogre
  7321 | Bailey   | Lost a life (1 life remaining)
  7335 | Bailey   | Reached * piety under Kikubaaqudgha
  7335 | Bailey   | Received a gift from Kikubaaqudgha
  7336 | Bailey   | Noticed a two-headed ogre
  7350 | Bailey   | HP: 2/51 [spriggan/+0 spear (13)]
  7352 | Bailey   | Mangled by a spriggan
  7352 | Bailey   | Lost a life (0 lives remaining)
  7385 | Bailey   | Mangled by a two-headed ogre

Illustrated notes

Levels and vault maps discovered:
D:1:      minmay_arrival_glassed_features, layout_rooms
D:2:      layout_basic
D:3:      layout_basic
D:4:      layout_loops_corners, hellmonk_no_cap
D:5:      layout_loops_ring, lemuel_tele_altar
D:6:      layout_rooms, xom_confusion_cloud, cheibrodos_ashenzari_chains,
          grunt_ministairs_8, uniq_crazy_yiuf_cottage, uniq_prince_ribbit1
D:7:      layout_gridville, kennysheep_mini, lemuel_zombie_altar_yredelemnul,
          minmay_temple_entry_junction_2, grunt_livestock, uniq_jeremiah
D:8:      layout_basic, grunt_lair_entry_orc_guard_hut, enter_bailey_3
Temple:   nicolae_temple_ecumenical_triangle
Bailey:   bailey_polearm_enchanted_keep_hellmonk, bailey

Skill      XL: |  1  2  3  4  5  6  7  8  9 10 |
---------------+-------------------------------+-----
Spellcasting   | 3 4 5 6 7 |  7.0
Translocations | 1 2 3 4 5 |  5.0
Summonings     | 5 6 7 8 |  8.3
Fire Magic     | 1 3 4 5 |  5.0
Dodging        | 4 6 7 |  7.0
Fighting       | 2 4 |  4.6
Air Magic      | 2 3 4 |  4.1
Stealth        | |  2.6

Action                     |  1- 3 |  4- 6 |  7- 9 | 10-12 || total
---------------------------+-------+-------+-------+-------++-------
  Melee: Unarmed           |    15 |     8 |    31 |    14 ||    68
         Bite              |     1 |       |     6 |     1 ||     8
   Cast: Summon Small Mamm |    30 |    12 |       |       ||    42
         Call Canine Famil |     5 |    22 |    57 |     4 ||    88
         Blink             |     1 |     2 |     1 |     2 ||     6
         Summon Blazeheart |       |       |    19 |     4 ||    23
         Summon Lightning  |       |       |    11 |     6 ||    17
    Use: Scroll            |     1 |     4 |     2 |     1 ||     8
         Potion            |       |       |       |     4 ||     4
   Stab: Sleeping          |     1 |       |       |       ||     1
         Distracted        |       |       |     1 |       ||     1
 Armour: Skin              |    11 |     8 |    33 |    52 ||   104
  Dodge: Dodged            |    38 |    19 |    78 |    37 ||   172

Table legend: (Time is in decaauts)
 A = Elapsed time spent in this place.
 B = Non-inter-level travel time spent in this place.
 C = Inter-level travel time spent in this place.
 D = Time resting spent in this place.
 E = Time spent auto-exploring this place.
 F = Levels seen in this place.
 G = Mean time per level.
                   A        B        C        D        E       F      G
               +--------+--------+--------+--------+--------+-----+--------+
         Total |   7385 |   7159 |    226 |     40 |   5163 |  10 |  738.5 |
       Dungeon |   7285 |   7075 |    210 |     40 |   5163 |   8 |  910.6 |
        Temple |     18 |      2 |     16 |      0 |      0 |   1 |   18.0 |
        Bailey |     81 |     81 |      0 |      0 |      0 |   1 |   81.0 |
               +--------+--------+--------+--------+--------+-----+--------+

Top non-repeatable levels by time:
     D:4: 1332 daAuts
     D:5: 1244 daAuts
     D:7: 1167 daAuts
     D:6: 1094 daAuts
     D:3: 909 daAuts
     D:2: 794 daAuts
     D:1: 562 daAuts
     D:8: 179 daAuts
  Bailey: 81 daAuts
  Temple: 18 daAuts
